 Dungeon Crawl Stone Soup version 0.31.0-9-g3a7656b989 (webtiles) character file.

Game seed: 10002828457755469290

1499 qw the Skirmisher (level 8, -1/46 HPs)
             Began as a Deep Elf Hunter on Feb 2, 2024.
             Slain by a two-headed ogre
             ... wielding a +0 giant club
              (17 damage)
             ... on level 6 of the Dungeon.
             The game lasted 00:00:28 (4184 turns).

qw the Skirmisher (Deep Elf Hunter)                 Turns: 4184, Time: 00:00:28

Health: -1/46      AC: 11    Str: 10    XL:     8   Next: 52%
Magic:  10/10      EV: 17    Int: 15    God:
Gold:   33         SH:  0    Dex: 18    Spells: 7/7 levels left

rFire   + . .        a - +0 shortbow
rCold   . . .        (shield currently unavailable)
rNeg    . . .        f - +2 ring mail
rPois   .            h - +2 helmet
rElec   .            i - +0 cloak
rCorr   .            (no gloves)
SInv    .            (no boots)
Will    .....        j - amulet of regeneration
Stlth   +            c - +5 ring of evasion
HPRegen 1.07/turn    e - ring of protection from fire
MPRegen 0.12/turn

%: no passive effects
@: no status effects
A: no striking features
a: no special abilities


You were on level 6 of the Dungeon.
You visited 2 branches of the dungeon, and saw 7 of its levels.

You collected 217 gold pieces.
You spent 184 gold pieces at shops.


   Skills:
 - Level 3.0 Fighting
 + Level 13.4 Ranged Weapons
 - Level 1.0 Armour
 - Level 4.2 Dodging
 - Level 1.2 Stealth


You had 7 spell levels left.
You didn't know any spells.
Your spell library was empty.

Inventory:

Hand Weapons
 a - a +0 shortbow (weapon)
Armour
 f - a +2 ring mail (worn)
 h - a +2 helmet (worn)
 i - a +0 cloak (worn)
Jewellery
 c - a +5 ring of evasion (left hand)
 e - a ring of protection from fire (right hand)
 j - an amulet of regeneration (around neck)
Wands
 k - a wand of charming (13)
 l - a wand of roots (6)
Scrolls
 d - 5 scrolls of identify
Potions
 b - 4 potions of curing
 g - a potion of might
 m - a potion of berserk rage {unknown}
 n - 2 potions of degeneration {unknown}

Dungeon Overview and Level Annotations

Branches:
Dungeon (5/15)             Temple (1/1) D:5

Altars:
Ashenzari
Cheibriados
Dithmenos
Elyvilon
Fedhas
Gozag
Kikubaaqudgha
Makhleb
Nemelex Xobeh
Qazlal
Ru
Sif Muna
Uskayaw
Vehumet
Wu Jian
Xom
Yredelemnul
Zin
The Shining One

Shops:
D:5 *

Annotations:
D:6 2 runed translucent doors


Message History

You shoot an arrow. The arrow hits the two-headed ogre.
The two-headed ogre is moderately wounded.
The two-headed ogre hits you but does no damage.
The two-headed ogre completely misses you.
You shoot an arrow. The arrow hits the two-headed ogre.
The two-headed ogre is moderately wounded.
You shoot an arrow.
The arrow hits the two-headed ogre but does no damage.
The two-headed ogre is moderately wounded.
The two-headed ogre barely misses you. x2
You shoot an arrow. The arrow hits the two-headed ogre.
The two-headed ogre is heavily wounded.
The two-headed ogre completely misses you.
The two-headed ogre hits you but does no damage.
You shoot an arrow.
The arrow barely misses the two-headed ogre.
The arrow completely misses the two-headed ogre.
The arrow hits the iguana but does no damage.
A phantom comes into view.
You shoot an arrow. The arrow hits the two-headed ogre.
The two-headed ogre is heavily wounded.
A scorpion comes into view.
The two-headed ogre closely misses you. x2; The scorpion moves out of view.
You shoot an arrow.
The arrow completely misses the two-headed ogre.
The arrow hits the two-headed ogre.
The two-headed ogre is lightly wounded.
The phantom closely misses you.
You shoot an arrow.
The arrow barely misses the two-headed ogre.
The arrow hits the two-headed ogre but does no damage.
The two-headed ogre is lightly wounded.
The two-headed ogre hits you with a +0 giant club!!
The two-headed ogre completely misses you.
The phantom barely misses you.
You shoot an arrow. The arrow hits the two-headed ogre!
The two-headed ogre is severely wounded.
The phantom closely misses you. The two-headed ogre closely misses you.
The two-headed ogre hits you with a +0 giant club!
You die...

.. }. ##.### #. ....#..
. + .o.#O .. .# #... ..
.###### #..# .# .#7...##
#..# ..
..._(..######oo###.###..
....7......##lOO@W.....#
...#.#####.##.####.#.###
..##.#........# ..
.###....##.##.# ##
...........##...
.####...#######++# .#
##### ..# .# ... .# .K.#


You could see 2 two-headed ogres, a phantom, an iguana and 2 orcs.

Vanquished Creatures
  Sigmund (D:2)
  A steam dragon (D:6)
  A black bear (D:6)
  2 phantoms
  A bullfrog (D:6)
  2 scorpions
  3 bombardier beetles
  A hound (D:4)
  A jelly (D:6)
  5 orc priests
  An iguana (D:5)
  Natasha (twice) (D:4)
  6 orc wizards
  Robin (D:2)
  5 adders
  7 gnolls
  2 dart slugs
  3 ribbon worms
  24 orcs
  5 ball pythons
  13 bats
  4 endoplasms
  4 giant cockroaches
  15 goblins
  10 hobgoblins
  4 jackals (D:1)
  4 quokkas
  3 frilled lizards
  6 kobolds
  10 rats
147 creatures vanquished.

Notes
Turn   | Place    | Note
-------+----------+-------------------------------------------
     0 | D:1      | qw the Deep Elf Hunter began the quest for the Orb.
     0 | D:1      | Reached XP level 1. HP: 12/12 MP: 3/3
     0 | D:1      | 0 ||| qw: Version: 0.3-a-155-g5e7d8dd
     0 | D:1      | 0 ||| qw: Game counter: 959
     0 | D:1      | 0 ||| qw: Melee chars always use a shield: true
     0 | D:1      | 0 ||| qw: God list: Okawaru
     0 | D:1      | 0 ||| qw: Allow faded altars: false
     0 | D:1      | 0 ||| qw: Do Orc after clearing Dungeon:15 true
     0 | D:1      | 0 ||| qw: Do second Lair branch before Depths: true
     0 | D:1      | 0 ||| qw: Lair rune preference: random
     0 | D:1      | 0 ||| qw: Goals: Normal
     0 | D:1      | 0 ||| PLANNING D:1-11
   119 | D:1      | Reached skill level 6 in Ranged Weapons
   119 | D:1      | Reached XP level 2. HP: 16/16 MP: 4/4
   143 | D:1      | Found a faded altar of an unknown god.
   229 | D:1      | HP: 3/16 [jackal (2)]
   581 | D:1      | 581 ||| UPGRADING to +0 ring mail.
   591 | D:1      | 591 ||| DROPPING +0 leather armour.
   592 | D:1      | 592 ||| READING scroll labelled HAANNE GUKH.
   592 | D:1      | 592 ||| ENCHANTING +0 ring mail.
   593 | D:1      | 593 ||| READING scroll labelled ZYIQOK IGGIMM.
   594 | D:1      | 594 ||| READING scroll labelled FULEAH COOMA.
   594 | D:1      | Identified a scroll of acquirement
   594 | D:1      | 594 ||| ACQUIRING +5 ring of evasion
   594 | D:1      | Acquired a +5 ring of evasion
   596 | D:1      | 596 ||| UPGRADING to +5 ring of evasion.
   597 | D:1      | 597 ||| READING scroll labelled PYSOZA SORRON.
   597 | D:1      | 597 ||| IDENTIFYING sedimented inky potion
   598 | D:1      | 598 ||| READING scroll labelled ILE ARPHUOLOZOQ.
   599 | D:1      | 599 ||| DROPPING scroll of butterflies.
   651 | D:2      | Reached XP level 3. HP: 17/20 MP: 5/5
   996 | D:2      | Noticed Sigmund
   998 | D:2      | 998 ||| FLEEEEING.
  1002 | D:2      | Reached skill level 7 in Ranged Weapons
  1007 | D:2      | Killed Sigmund
  1008 | D:2      | Reached skill level 9 in Ranged Weapons
  1008 | D:2      | Reached XP level 4. HP: 10/25 MP: 6/6
  1008 | D:2      | Reached XP level 5. HP: 12/29 MP: 7/7
  1187 | D:2      | 1187 ||| READING scroll of enchant armour.
  1187 | D:2      | 1187 ||| ENCHANTING +1 ring mail.
  1321 | D:2      | Noticed Robin
  1326 | D:2      | Killed Robin
  1398 | D:2      | Reached XP level 6. HP: 35/35 MP: 8/8
  1618 | D:2      | 1618 ||| UPGRADING to +1 helmet.
  1623 | D:2      | 1623 ||| UPGRADING to +0 cloak.
  1628 | D:2      | 1628 ||| UPGRADING to ring of protection from fire.
  1629 | D:2      | 1629 ||| READING 2 scrolls of identify.
  1629 | D:2      | 1629 ||| IDENTIFYING lumpy red potion
  1710 | D:3      | Identified the +7 hand axe of Urghila {holy, Will+ Int+3}
  1763 | D:3      | Reached skill level 1 in Armour
  1821 | D:3      | 1821 ||| FLEEEEING.
  1822 | D:3      | 1822 ||| FLEEEEING.
  1823 | D:3      | 1823 ||| FLEEEEING.
  1824 | D:3      | 1824 ||| FLEEEEING.
  1825 | D:3      | 1825 ||| FLEEEEING.
  1826 | D:3      | 1826 ||| FLEEEEING.
  1988 | D:3      | Found an ornate altar of the Wu Jian Council.
  2150 | D:3      | 2150 ||| READING scroll of enchant armour.
  2150 | D:3      | 2150 ||| ENCHANTING +1 helmet.
  2203 | D:3      | 2203 ||| DROPPING scarf of invisibility.
  2204 | D:3      | 2204 ||| UPGRADING to amulet of regeneration.
  2290 | D:4      | Reached skill level 10 in Ranged Weapons
  2312 | D:4      | Found a sparkling altar of Nemelex Xobeh.
  2351 | D:4      | HP: 8/35 [orc priest/nerve-wracking pain (5)]
  2358 | D:4      | Reached skill level 3 in Dodging
  2547 | D:4      | Reached XP level 7. HP: 38/40 MP: 9/9
  2598 | D:4      | Noticed Natasha
  2610 | D:4      | Killed Natasha
  2787 | D:4      | Noticed Natasha
  2795 | D:4      | Killed Natasha
  3099 | D:4      | 3099 ||| READING 3 scrolls of identify.
  3099 | D:4      | 3099 ||| IDENTIFYING glowing brown potion
  3100 | D:4      | 3100 ||| READING 2 scrolls of identify.
  3100 | D:4      | 3100 ||| IDENTIFYING orange potion
  3101 | D:4      | 3101 ||| DROPPING potion of attraction.
  3102 | D:4      | 3102 ||| DROPPING potion of ambrosia.
  3136 | D:5      | Entered Level 5 of the Dungeon
  3189 | D:5      | Found a staircase to the Ecumenical Temple.
  3190 | D:5      | 3190 ||| PLANNING TEMPLE
  3195 | Temple   | Entered the Ecumenical Temple
  3196 | Temple   | 3196 ||| PLANNING D:1-11
  3256 | D:5      | 3256 ||| FLEEEEING.
  3260 | D:5      | Reached skill level 11 in Ranged Weapons
  3269 | D:5      | 3269 ||| FLEEEEING.
  3270 | D:5      | 3270 ||| FLEEEEING.
  3525 | D:5      | Found Hame's Assorted Antiques.
  3536 | D:5      | Reached skill level 12 in Ranged Weapons
  3544 | D:5      | 3544 ||| FLEEEEING.
  3562 | D:5      | 3562 ||| BUYING brass wand (76 gold).
  3562 | D:5      | Bought a brass wand for 76 gold pieces
  3562 | D:5      | 3562 ||| BUYING fuming purple potion (17 gold).
  3562 | D:5      | Bought a fuming purple potion for 17 gold pieces
  3562 | D:5      | 3562 ||| BUYING potion of curing (57 gold).
  3562 | D:5      | Bought a potion of curing for 57 gold pieces
  3562 | D:5      | 3562 ||| BUYING sapphire potion (17 gold).
  3562 | D:5      | Bought a sapphire potion for 17 gold pieces
  3562 | D:5      | 3562 ||| BUYING sapphire potion (17 gold).
  3562 | D:5      | Bought a sapphire potion for 17 gold pieces
  3562 | D:5      | 3562 ||| SHOPLISTING scroll labelled CERIUDULOBB (19 gold,
                  | have 0).
  3562 | D:5      | 3562 ||| SHOPLISTING scroll labelled XOORYLYCYUCK (19 gold,
                  | have 0).
  3562 | D:5      | 3562 ||| SHOPLISTING scroll of enchant armour (142 gold,
                  | have 0).
  3562 | D:5      | 3562 ||| SHOPLISTING sedimented orange potion (17 gold,
                  | have 0).
  3585 | D:5      | Reached skill level 3 in Fighting
  3585 | D:5      | Reached XP level 8. HP: 28/46 MP: 10/10
  3585 | D:5      | 3585 ||| FLEEEEING.
  3586 | D:5      | 3586 ||| FLEEEEING.
  3587 | D:5      | 3587 ||| FLEEEEING.
  3588 | D:5      | 3588 ||| FLEEEEING.
  3589 | D:5      | 3589 ||| FLEEEEING.
  3590 | D:5      | 3590 ||| FLEEEEING.
  3591 | D:5      | 3591 ||| FLEEEEING.
  3592 | D:5      | 3592 ||| FLEEEEING.
  3593 | D:5      | 3593 ||| FLEEEEING.
  3598 | D:5      | 3598 ||| FLEEEEING.
  3933 | D:5      | You fall into a shaft and drop 1 floor!
  3994 | D:6      | Found a glowing golden altar of the Shining One.
  4039 | D:6      | 4039 ||| RETREEEEATING.
  4040 | D:6      | 4040 ||| RETREEEEATING.
  4041 | D:6      | 4041 ||| RETREEEEATING.
  4042 | D:6      | 4042 ||| RETREEEEATING.
  4043 | D:6      | 4043 ||| RETREEEEATING.
  4044 | D:6      | 4044 ||| RETREEEEATING.
  4045 | D:6      | 4045 ||| RETREEEEATING.
  4047 | D:6      | Reached skill level 13 in Ranged Weapons
  4140 | D:6      | Found a shimmering altar of Xom.
  4153 | D:6      | Found a large runed translucent door.
  4154 | D:6      | Found a large runed translucent door.
  4166 | D:6      | Noticed a two-headed ogre
  4168 | D:6      | Noticed a two-headed ogre
  4169 | D:6      | 4169 ||| RETREEEEATING.
  4171 | D:6      | 4171 ||| RETREEEEATING.
  4172 | D:6      | 4172 ||| RETREEEEATING.
  4184 | D:6      | Slain by a two-headed ogre

Levels and vault maps discovered:
D:1:      dpeg_arrival_prison, layout_rooms, hellmonk_ecumenical_altar_blasted
D:2:      layout_basic, guppyfry_early_lair_pool, uniq_robin, uniq_sigmund
D:3:      layout_rooms, lemuel_doored_altar
D:4:      layout_rooms, nemelex_xobeh_ov_fountains_minmay, serial_forest,
          infiniplex_forest_clump_curved, infiniplex_forest_zigzag_1,
          infiniplex_forest_clump_long, infiniplex_forest_straight_3,
          infiniplex_forest_lined_2, infiniplex_forest_lined_corner,
          infiniplex_forest_fountain, infiniplex_forest_clump_small,
          uniq_natasha
D:5:      layout_cave_pods, minmay_temple_entry_butterflies, serial_shops,
          nicolae_shop_tiny_statue_garden
D:6:      due_chaos_kobolds, layout_loops_corners, xom_butterflies,
          kennysheep_little_box, minmay_chambers_of_fives
Temple:   bh_familiar_temple

Skill      XL: |  1  2  3  4  5  6  7  8 |
---------------+-------------------------+-----
Ranged Weapons | 6 9 10 12 13 | 13.4
Fighting       | 2 3 |  3.0
Armour         | 1 |  1.0
Dodging        | 3 4 |  4.2
Stealth        | |  1.2

Action                     |  1- 3 |  4- 6 |  7- 9 || total
---------------------------+-------+-------+-------++-------
   Fire: Shortbow          |   122 |   215 |   233 ||   570
    Use: Scroll            |     5 |     3 |     2 ||    10
 Armour: Leather armour    |    23 |       |       ||    23
         Ring mail         |     9 |    54 |    57 ||   120
  Dodge: Dodged            |    36 |    84 |    61 ||   181

Table legend:
 A = Non-vault XP
 B = Vault XP
 C = Vault XP percentage of total XP
 D = Non-vault monster count
 E = Vault monster count
 F = Vault count percentage of total count
                 A         B        C        D         E       F
            +---------+---------+-------+---------+---------+-------
      Total |    1835 |     307 |  14.3 |     128 |      19 |  12.9
            +---------+---------+-------+---------+---------+-------
        D:1 |      32 |       6 |  15.8 |      20 |       5 |  20.0
        D:2 |      82 |     266 |  76.4 |      24 |      13 |  35.1
        D:3 |     149 |       0 |   0.0 |      31 |       0 |   0.0
        D:4 |     306 |      35 |  10.3 |      18 |       1 |   5.3
        D:5 |     696 |       0 |   0.0 |      29 |       0 |   0.0
        D:6 |     570 |       0 |   0.0 |       6 |       0 |   0.0
            +---------+---------+-------+---------+---------+-------
